 Dungeon Crawl Stone Soup version 0.31.0-9-g3a7656b989 (webtiles) character file.

Game seed: 2432268148251183355

5751 qw the Nimble (level 10, -1/49 HPs)
             Began as a Spriggan Hunter on Feb 2, 2024.
             Was an Elder of Okawaru.
             Shot with an arrow by a centaur (3 damage)
             ... on level 9 of the Dungeon.
             The game lasted 00:00:35 (5857 turns).

qw the Nimble (Spriggan Hunter)                     Turns: 5857, Time: 00:00:35

Health: -1/49      AC:  5    Str: 10    XL:     10   Next: 49%
Magic:  14/14      EV: 30    Int: 10    God:    Okawaru [****..]
Gold:   508        SH:  0    Dex: 24    Spells: 9/9 levels left

rFire   . . .        b - +5 orcbow of Twilight {flame, rElec Str+3}
rCold   . . .        (shield currently unavailable)
rNeg    . . .        c - +0 robe
rPois   .            (helmet restricted)
rElec   +            j - +2 cloak
rCorr   .            (gloves unavailable)
SInv    +            (boots unavailable)
Will    +....        (no amulet)
Stlth   ++           (no ring)
HPRegen 0.28/turn    (no ring)
MPRegen 0.14/turn

%: no passive effects
@: about to teleport, very quick
A: very small, no large weapons, unfitting armour, see invisible, speed 3
a: Renounce Religion, Heroism, Finesse


You were on level 9 of the Dungeon.
You worshipped Okawaru.
Okawaru was greatly pleased with you.
You visited 2 branches of the dungeon, and saw 10 of its levels.

You collected 508 gold pieces.


Innate Abilities, Weirdness & Mutations

You are very small and have problems with some larger weapons.
You are too small for most types of armour.
You have supernaturally acute eyesight. (SInv)
You cover ground extremely quickly. (Speed+++)


   Skills:
 - Level 4.0 Fighting
 + Level 11.7 Ranged Weapons
 - Level 12.1 Dodging
 - Level 1.5 Stealth
 + Level 4.6 Invocations


You had 9 spell levels left.
You didn't know any spells.
Your spell library was empty.

Inventory:

Hand Weapons
 b - the +5 orcbow of Twilight (weapon) {flame, rElec Str+3}
   (You acquired it on level 6 of the Dungeon)

   Str+3:     It affects your strength (+3).
   rElec:     It insulates you from electricity.
Armour
 c - a +0 robe (worn)
 j - a +2 cloak (worn)
Wands
 f - a wand of mindburst (5)
Scrolls
 k - a scroll of fog {unknown}
 m - a scroll of teleportation
Potions
 a - a potion of haste
 d - 2 potions of mutation
 e - 4 potions of curing
 g - 2 potions of enlightenment
 i - a potion of brilliance {unknown}

Dungeon Overview and Level Annotations

Branches:
Dungeon (9/15)             Temple (1/1) D:6
   Lair: D:8-11         Orc: D:9-12

Altars:
Ashenzari
Cheibriados
Dithmenos
Elyvilon
Fedhas
Gozag
Hepliaklqana
Kikubaaqudgha
Makhleb
Nemelex Xobeh
Okawaru
Qazlal
Sif Muna
Trog
Uskayaw
Vehumet
Wu Jian
Xom
Yredelemnul
Zin
The Shining One

Shops:
D:4 [

Portals:
Bailey: D:9


Message History

Okawaru accepts your kill.
A wight comes into view. It is wielding a +0 morningstar.
You shoot an arrow. The arrow barely misses the orc wizard.
The orc hits you but does no damage. The orc wizard completely misses you.
You shoot an arrow. The arrow hits the orc wizard.
The arrow burns the orc wizard.
The orc wizard is moderately wounded.
The orc completely misses you. The orc wizard closely misses you.
You shoot an arrow. The arrow hits the orc wizard.
The arrow burns the orc wizard.
The orc wizard is heavily wounded.
The orc misses you. The orc wizard completely misses you.
You shoot an arrow. The arrow hits the orc wizard!
The arrow burns the orc wizard.
You kill the orc wizard!
Okawaru accepts your kill. The orc closely misses you.
You shoot an arrow. The arrow barely misses the orc.
The orc hits you with a +0 short sword.
You shoot an arrow. The arrow hits the orc!
The arrow burns the orc.
You kill the orc!
Okawaru accepts your kill.
A centaur comes into view.
A wight comes into view. It is wielding a +2 hand axe of venom.
You shoot an arrow. The centaur shouts!
The arrow hits the wight!
The arrow burns the wight.
The wight is almost destroyed.
You shoot an arrow. The arrow hits the wight.
The arrow burns the wight.
You destroy the wight!
Okawaru accepts your kill.
The centaur wields a +0 shortbow.
The centaur shoots an arrow.
The arrow hits you!
5857 ||| READING 2 scrolls of teleportation.
As you read the scroll of teleportation, it crumbles to dust.
You feel strangely unstable.
The centaur shoots an arrow.
The arrow hits you!
A wight comes into view. It is wielding a +0 mace.
The centaur shoots an arrow.
The arrow hits you.
You die...

# # ##. #
#...# #####.#
#.#.#.
#######...z...
....y..
#.....@.#
.#.#.#.
......)$.#
.g...
##..))...#
.).yg.#
#...).)...
)\).##
#........z.
?)..
.#......c.##
.. #.........#
#. #.###..##.#
#. #


You could see a centaur and 2 wights.

Vanquished Creatures
  A two-headed ogre (D:8)
  A merfolk (D:7)
  Prince Ribbit (D:5)
  Sigmund (D:2)
  4 water elementals (D:7)
  A shadow (D:9)
  A wyvern (D:6)
  5 yaks (D:9)
  2 orc warriors
  4 black bears
  3 ice beasts (D:7)
  2 sky beasts (D:7)
  A phantom (D:5)
  2 kobold brigands
  A bullfrog (D:8)
  3 scorpions
  2 wights (D:9)
  8 killer bees
  2 electric eels (D:7)
  A howler monkey (D:6)
  3 gnoll boudas
  4 hounds
  3 jellies
  5 orc priests
  2 sleepcaps
  Terence (D:3)
  3 iguanas (D:6)
  4 orc wizards
  13 gnolls
  7 adders
  2 white imps
  3 ribbon worms
  A dart slug (D:5)
  21 orcs
  3 ball pythons
  3 bats (D:1)
  7 endoplasms
  3 giant cockroaches
  6 hobgoblins
  9 kobolds
  4 quokkas
  5 frilled lizards
  10 goblins
  12 rats
180 creatures vanquished.

Notes
Turn   | Place    | Note
-------+----------+-------------------------------------------
     0 | D:1      | qw the Spriggan Hunter began the quest for the Orb.
     0 | D:1      | Reached XP level 1. HP: 10/10 MP: 2/2
     0 | D:1      | 0 ||| qw: Version: 0.3-a-155-g5e7d8dd
     0 | D:1      | 0 ||| qw: Game counter: 468
     0 | D:1      | 0 ||| qw: Melee chars always use a shield: true
     0 | D:1      | 0 ||| qw: God list: Okawaru
     0 | D:1      | 0 ||| qw: Allow faded altars: false
     0 | D:1      | 0 ||| qw: Do Orc after clearing Dungeon:15 true
     0 | D:1      | 0 ||| qw: Do second Lair branch before Depths: true
     0 | D:1      | 0 ||| qw: Lair rune preference: random
     0 | D:1      | 0 ||| qw: Goals: Normal
     0 | D:1      | 0 ||| PLANNING D:1-11
    20 | D:1      | Reached skill level 3 in Dodging
    77 | D:1      | Reached XP level 2. HP: 14/14 MP: 3/3
   118 | D:1      | Reached skill level 4 in Dodging
   326 | D:1      | Reached XP level 3. HP: 18/18 MP: 4/4
   406 | D:1      | 406 ||| DROPPING amulet of magic regeneration.
   407 | D:1      | 407 ||| READING scroll labelled JAASHO NAGON.
   408 | D:1      | 408 ||| DRINKING 2 fizzy inky potions.
   409 | D:1      | 409 ||| DRINKING 2 cyan potions.
   410 | D:1      | 410 ||| DROPPING scroll of butterflies.
   605 | D:2      | Noticed Sigmund
   606 | D:2      | 606 ||| ZAPPING wand of flame (17) at 4,-2 (Sigmund;
                  | floor).
   607 | D:2      | 607 ||| ZAPPING wand of flame (16) at 3,-2 (Sigmund;
                  | floor).
   608 | D:2      | 608 ||| ZAPPING wand of flame (15) at 2,-1 (Sigmund;
                  | floor).
   609 | D:2      | 609 ||| ZAPPING wand of flame (14) at 2,-1 (Sigmund;
                  | floor).
   610 | D:2      | 610 ||| ZAPPING wand of flame (13) at 2,-1 (Sigmund;
                  | floor).
   611 | D:2      | 611 ||| ZAPPING wand of flame (12) at 2,-1 (Sigmund;
                  | floor).
   611 | D:2      | Killed Sigmund
   612 | D:2      | Reached skill level 6 in Ranged Weapons
   612 | D:2      | Reached XP level 4. HP: 21/22 MP: 5/5
   612 | D:2      | Reached XP level 5. HP: 24/25 MP: 6/6
   842 | D:2      | 842 ||| UPGRADING to +2 cloak.
   847 | D:2      | 847 ||| DROPPING ring of magical power.
   848 | D:2      | 848 ||| READING scroll labelled JINIK LYSUQAPN.
   849 | D:2      | 849 ||| READING scroll labelled RYL LEDGHEOLOKAZXI.
   850 | D:2      | 850 ||| READING scroll labelled YFAOWA HOUHYCAFIEF.
   850 | D:2      | 850 ||| ENCHANTING +0 shortbow.
   851 | D:2      | 851 ||| READING 2 scrolls labelled XAISUEP VEPRY.
   851 | D:2      | 851 ||| IDENTIFYING 2 brown potions
   852 | D:2      | 852 ||| READING scroll of identify.
   852 | D:2      | 852 ||| IDENTIFYING scroll labelled GEIRIY PAIRRA
   853 | D:2      | 853 ||| DROPPING 2 potions of degeneration.
  1176 | D:3      | Identified the +5 ring mail of the Other Side {rF+}
  1211 | D:3      | Noticed Terence
  1219 | D:3      | Killed Terence
  1220 | D:3      | Reached skill level 5 in Dodging
  1220 | D:3      | Reached XP level 6. HP: 30/30 MP: 7/7
  1439 | D:3      | Found a faded altar of an unknown god.
  1817 | D:3      | 1817 ||| READING 2 scrolls of identify.
  1817 | D:3      | 1817 ||| IDENTIFYING blue potion
  1818 | D:3      | 1818 ||| READING scroll of identify.
  1818 | D:3      | 1818 ||| IDENTIFYING lumpy dark potion
  1819 | D:3      | 1819 ||| DROPPING potion of magic.
  1892 | D:4      | HP: 4/30 [gnoll/+0 halberd[a gnoll bouda] (6)]
  1893 | D:4      | 1893 ||| READING 3 scrolls of teleportation.
  2053 | D:4      | 2053 ||| RETREEEEATING.
  2058 | D:4      | Reached skill level 6 in Dodging
  2179 | D:4      | Found Gycantey's Armour Shoppe.
  2285 | D:4      | Reached XP level 7. HP: 35/35 MP: 8/8
  2612 | D:4      | 2612 ||| READING scroll of identify.
  2612 | D:4      | 2612 ||| IDENTIFYING murky orange potion
  2656 | D:5      | Entered Level 5 of the Dungeon
  2712 | D:5      | Reached skill level 7 in Dodging
  2818 | D:5      | Noticed Prince Ribbit
  2819 | D:5      | 2819 ||| DRINKING potion of haste.
  2840 | D:5      | 2840 ||| FLEEEEING.
  2841 | D:5      | 2841 ||| FLEEEEING.
  2842 | D:5      | 2842 ||| FLEEEEING.
  2843 | D:5      | 2843 ||| FLEEEEING.
  2860 | D:5      | 2860 ||| FLEEEEING.
  2861 | D:5      | 2861 ||| FLEEEEING.
  2862 | D:5      | 2862 ||| FLEEEEING.
  2865 | D:5      | 2865 ||| FLEEEEING.
  2867 | D:5      | 2867 ||| FLEEEEING.
  2868 | D:5      | 2868 ||| FLEEEEING.
  2869 | D:5      | 2869 ||| FLEEEEING.
  2870 | D:5      | 2870 ||| FLEEEEING.
  2871 | D:5      | 2871 ||| FLEEEEING.
  2872 | D:5      | 2872 ||| FLEEEEING.
  2873 | D:5      | 2873 ||| FLEEEEING.
  2874 | D:5      | 2874 ||| FLEEEEING.
  2875 | D:5      | 2875 ||| FLEEEEING.
  2876 | D:5      | 2876 ||| FLEEEEING.
  2877 | D:5      | 2877 ||| FLEEEEING.
  2879 | D:5      | 2879 ||| FLEEEEING.
  2880 | D:5      | 2880 ||| FLEEEEING.
  2881 | D:5      | 2881 ||| FLEEEEING.
  2882 | D:5      | 2882 ||| FLEEEEING.
  2883 | D:5      | 2883 ||| FLEEEEING.
  2884 | D:5      | 2884 ||| FLEEEEING.
  2891 | D:5      | 2891 ||| FLEEEEING.
  2892 | D:5      | 2892 ||| FLEEEEING.
  2893 | D:5      | 2893 ||| FLEEEEING.
  2897 | D:5      | 2897 ||| FLEEEEING.
  2900 | D:5      | 2900 ||| FLEEEEING.
  2901 | D:5      | 2901 ||| FLEEEEING.
  2902 | D:5      | 2902 ||| FLEEEEING.
  2903 | D:5      | 2903 ||| FLEEEEING.
  2904 | D:5      | 2904 ||| FLEEEEING.
  2905 | D:5      | 2905 ||| FLEEEEING.
  2909 | D:5      | Killed Prince Ribbit
  2910 | D:5      | Reached XP level 8. HP: 36/39 MP: 9/9
  3190 | D:5      | Reached skill level 8 in Dodging
  3474 | D:5      | 3474 ||| READING scroll of identify.
  3474 | D:5      | 3474 ||| IDENTIFYING yellow potion
  3475 | D:5      | 3475 ||| READING 2 scrolls labelled REMPEU USENETATI.
  3576 | D:5      | 3576 ||| DROPPING scroll of vulnerability.
  3596 | D:6      | Identified the +2 whip of Undoing {protect, rC+}
  3644 | D:6      | Found a staircase to the Ecumenical Temple.
  3645 | D:6      | 3645 ||| PLANNING TEMPLE
  3645 | D:6      | 3645 ||| READING scroll labelled WEUPRO XEGHOS.
  3645 | D:6      | Identified a scroll of acquirement
  3645 | D:6      | 3645 ||| ACQUIRING +5 orcbow of Twilight {flame, rElec
                  | Str+3}
  3645 | D:6      | Acquired the +5 orcbow of Twilight {flame, rElec Str+3}
  3647 | D:6      | 3647 ||| SWAPPING to +5 orcbow of Twilight {flame, rElec
                  | Str+3}.
  3648 | D:6      | 3648 ||| DROPPING +1 shortbow.
  3657 | Temple   | Found a transporter.
  3657 | Temple   | Found a transporter.
  3657 | Temple   | Found a transporter.
  3657 | Temple   | Found a transporter.
  3657 | Temple   | Entered the Ecumenical Temple
  3658 | Temple   | 3658 ||| PLANNING D:1-11
  3823 | D:6      | Reached skill level 3 in Fighting
  3900 | D:6      | Reached skill level 9 in Ranged Weapons
  3927 | D:6      | Found an ancient bone altar of Kikubaaqudgha.
  3930 | D:6      | Found an opulent altar of Gozag.
  3931 | D:6      | Found an iron altar of Okawaru.
  3933 | D:6      | Found a broken altar of Ashenzari.
  3952 | D:6      | 3952 ||| PLANNING OKAWARU WORSHIP
  3960 | D:6      | Became a worshipper of Warmaster Okawaru
  3961 | D:6      | 3961 ||| PLANNING D:1-11
  3971 | D:6      | Reached skill level 9 in Dodging
  4372 | D:7      | Reached * piety under Okawaru
  4373 | D:7      | Reached XP level 9. HP: 44/44 MP: 10/10
  4458 | D:7      | Reached skill level 1 in Invocations
  4460 | D:7      | Noticed a merfolk
  4461 | D:7      | 4461 ||| INVOKING Heroism.
  4465 | D:7      | 4465 ||| RETREEEEATING.
  4466 | D:7      | 4466 ||| RETREEEEATING.
  4467 | D:7      | 4467 ||| RETREEEEATING.
  4468 | D:7      | 4468 ||| RETREEEEATING.
  4471 | D:7      | 4471 ||| RETREEEEATING.
  4473 | D:7      | Reached skill level 10 in Dodging
  4479 | D:7      | 4479 ||| INVOKING Heroism.
  4480 | D:7      | Killed a merfolk
  4481 | D:7      | Reached skill level 3 in Invocations
  4505 | D:7      | Reached ** piety under Okawaru
  5006 | D:7      | 5006 ||| READING scroll labelled DUSIRUZUEC.
  5007 | D:7      | 5007 ||| READING scroll labelled XYDAUCKEUN.
  5008 | D:7      | 5008 ||| DROPPING wand of flame (50).
  5023 | D:8      | Reached skill level 11 in Dodging
  5294 | D:8      | Noticed a two-headed ogre
  5295 | D:8      | 5295 ||| INVOKING Heroism.
  5303 | D:8      | Killed a two-headed ogre
  5303 | D:8      | Reached *** piety under Okawaru
  5304 | D:8      | Reached XP level 10. HP: 49/49 MP: 11/14
  5491 | D:8      | 5491 ||| INVOKING Heroism.
  5749 | D:9      | Reached skill level 12 in Dodging
  5756 | D:9      | Reached **** piety under Okawaru
  5808 | D:9      | Found a flagged portal.
  5813 | D:9      | 5813 ||| RETREEEEATING.
  5814 | D:9      | 5814 ||| RETREEEEATING.
  5815 | D:9      | 5815 ||| RETREEEEATING.
  5816 | D:9      | 5816 ||| RETREEEEATING.
  5817 | D:9      | 5817 ||| RETREEEEATING.
  5821 | D:9      | 5821 ||| RETREEEEATING.
  5838 | D:9      | HP: 10/49 [poisoned by a killer bee]
  5839 | D:9      | 5839 ||| READING 3 scrolls of teleportation.
  5840 | D:9      | 5840 ||| DRINKING potion of heal wounds.
  5856 | D:9      | HP: 8/49 [centaur/arrow (9)]
  5857 | D:9      | 5857 ||| READING 2 scrolls of teleportation.
  5857 | D:9      | HP: 2/49 [centaur/arrow (7)]
  5857 | D:9      | Shot with an arrow by a centaur

Levels and vault maps discovered:
D:1:      onia_arrival_handbag, layout_rooms
D:2:      layout_rooms, grunt_ministairs_9, uniq_sigmund
D:3:      layout_loops_ring, hellmonk_ecumenical_altar_slurped_away,
          serial_bayou_lagoon_a, grunt_ministairs_10, serial_bayou_lagoon_b,
          uniq_terence
D:4:      layout_loops_ring, serial_shops, shop
D:5:      layout_gridville, uniq_prince_ribbit1
D:6:      layout_cave_pools, nicolae_overflow_macrodata_refinement,
          minmay_temple_entry_large_hall, solitary_fountain,
          grunt_ministairs_10, nicolae_wand_duel
D:7:      layout_basic, serial_glass, glass_columns_b, glass_columns_a,
          nicolae_rank_and_phial
D:8:      layout_gridville, moated_statue, minmay_crossroads
D:9:      layout_loops_ring, enter_bailey_2, serial_shops,
          nicolae_shop_tiny_waterfront
Temple:   hellmonk_temple_divided_pantheon

Skill      XL: |  1  2  3  4  5  6  7  8  9 10 |
---------------+-------------------------------+-----
Dodging        | 3 4 5 6 7 9 11 12 | 12.1
Ranged Weapons | 6 7 8 9 11 | 11.7
Fighting       | 2 3 4 |  4.0
Invocations    | 4 |  4.6
Stealth        | |  1.5

Action                     |  1- 3 |  4- 6 |  7- 9 | 10-12 || total
---------------------------+-------+-------+-------+-------++-------
   Fire: Shortbow          |    95 |   142 |   109 |       ||   346
         Orcbow            |       |       |   152 |    75 ||   227
 Invoke: Heroism           |       |       |     3 |     1 ||     4
  Evoke: Wand              |     6 |       |       |       ||     6
    Use: Potion            |     2 |       |     1 |     1 ||     4
         Scroll            |     1 |     8 |     6 |     2 ||    17
 Armour: Robe              |     8 |    12 |    22 |    12 ||    54
  Dodge: Dodged            |    23 |    52 |    72 |    68 ||   215

Table legend:
 A = Non-vault XP
 B = Vault XP
 C = Vault XP percentage of total XP
 D = Non-vault monster count
 E = Vault monster count
 F = Vault count percentage of total count
                 A         B        C        D         E       F
            +---------+---------+-------+---------+---------+-------
      Total |    6341 |    1876 |  22.8 |     159 |      21 |  11.7
            +---------+---------+-------+---------+---------+-------
        D:1 |      41 |       4 |   8.9 |      24 |       4 |  14.3
        D:2 |      33 |     230 |  87.5 |      12 |       3 |  20.0
        D:3 |      75 |      41 |  35.3 |      19 |       4 |  17.4
        D:4 |     512 |       0 |   0.0 |      22 |       0 |   0.0
        D:5 |     441 |     274 |  38.3 |      12 |       1 |   7.7
        D:6 |     806 |      79 |   8.9 |      13 |       2 |  13.3
        D:7 |     970 |    1142 |  54.1 |      15 |       5 |  25.0
        D:8 |    1645 |     106 |   6.1 |      20 |       2 |   9.1
        D:9 |    1818 |       0 |   0.0 |      22 |       0 |   0.0
            +---------+---------+-------+---------+---------+-------
